 Dungeon Sprint DCSS version 0.29-a0-468-ge57f7f99b4 (webtiles) character file.

Game seed: 2020548028395782689

123728 mhtbhm the Conqueror (level 16, -2/133 HPs)
             Began as a Kobold Berserker on May 21, 2022.
             Was a High Priest of Trog.
             Killed from afar by a black draconian knight (36 damage)
             ... with a bolt of lightning
             ... in the Dungeon (Sprint III: "The Ten Rune Challenge").
             The game lasted 00:29:50 (16616 turns).

mhtbhm the Conqueror (Kobold Berserker)            Turns: 16616, Time: 00:29:50

Health: -2/133     AC: 18    Str: 26    XL:     16   Next: 64%
Magic:  25/25      EV: 22    Int: 10    God:    Trog [*****.]
Gold:   362        SH:  0    Dex: 14    Spells: 15/15 levels left

rFire   + + .      SeeInvis .   a - +7 demon whip (flame)
rCold   + + .      Faith    .   (no shield)
rNeg    . . .      Spirit   .   b - +4 scale mail {rPois}
rPois   +          Reflect  .   y - +1 hat {Stlth+}
rElec   .          Harm     .   A - scarf {rC+ rF+}
rCorr   .          Rampage  .   h - +1 pair of gloves
Will    +....      NoTele   +   (no boots)
Stlth   ++++++++++              M - amulet of Fanaticism {Acrobat Fragile MP+9 Str+5 Stlth+}
HPRegen 0.32/turn               G - ring of protection from cold
MPRegen 0.19/turn               u - ring "Lapuyk" {Fly rF+}

@: on berserk cooldown, flying, slowed, studying 3 skills, very slow
A: small, no large weapons, nightstalker 3
}: 2/10 runes: decaying, barnacled
a: Renounce Religion, Berserk, Trog's Hand, Brothers in Arms


You were in the Dungeon.
You worshipped Trog.
Trog was extremely pleased with you.
You visited 1 branch You collected 3552 gold pieces.
You spent 3190 gold pieces at shops.

Inventory:

Hand Weapons
 a - a +7 demon whip of flaming (weapon)
Missiles
 j - 13 poisoned darts
 s - 3 curare-tipped darts (quivered)
Armour
 b - a +4 scale mail of poison resistance (worn)
 h - a +1 pair of gloves (worn)
 y - a +1 hat of stealth (worn)
 A - a scarf of resistance (worn)
Jewellery
 u - the ring "Lapuyk" (right hand) {Fly rF+}
   (You bought it in a shop in the Dungeon)

   [ring of flight]

   rF:        It protects you from fire.
   Fly:       It grants you flight.
 z - a ring of protection from cold
 G - a ring of protection from cold (left hand)
 H - a ring of fire
 I - the ring of Qucw {rPois rC+ Int-4 Dex+4 Stlth+}
   (You found it in the Dungeon)

   [ring of protection from cold]

   Int:       It affects your intelligence (-4).
   Dex:       It affects your dexterity (+4).
   rC:        It protects you from cold.
   rPois:     It protects you from poison.
   Stlth:     It makes you more stealthy.
 K - the ring of Icrott {Fire Contam rPois Dex+4}
   (You took it off a deep elf high priest in the Dungeon)

   [ring of fire]

   It enhances your fire magic.
   Dex:       It affects your dexterity (+4).
   rF:        It protects you from fire.
   rC:        It makes you vulnerable to cold.
   rPois:     It protects you from poison.
   Contam:    It causes magical contamination when unequipped.
 M - the amulet of Fanaticism (around neck) {Acrobat Fragile MP+9 Str+5 Stlth+}
   (You found it in the Dungeon)

   [amulet of the acrobat]

   It increases your evasion while moving and waiting.
   Str:       It affects your strength (+5).
   MP:        It affects your magic capacity (+9).
   Fragile:   It will be destroyed if unequipped.
   Stlth:     It makes you more stealthy.
Wands
 v - a wand of mindburst (33)
 D - a wand of flame (29)
 N - a wand of acid (4)
Scrolls
 l - 3 scrolls of torment
 o - 2 scrolls of immolation
 t - a scroll of blinking
 F - 2 scrolls of enchant armour
 J - a scroll of silence {unknown}
Potions
 c - a potion of attraction
 e - 2 potions of haste
 f - 2 potions of magic
 g - a potion of berserk rage
 i - a potion of lignification
 k - 7 potions of mutation
 m - a potion of heal wounds
 n - 2 potions of flight
 p - a potion of ambrosia {unknown}
 q - 2 potions of degeneration {unknown}
 w - 3 potions of might
 x - 6 potions of curing
 C - 2 potions of resistance
Miscellaneous
 r - a tin of tremorstones (2/2)
 O - a phantom mirror (inert)


   Skills:
 O Level 27 Fighting
 + Level 24.1 Maces & Flails
 + Level 8.4 Throwing
 + Level 16.2 Armour
 + Level 19.4 Dodging
 + Level 24.3 Stealth
 + Level 8.2 Evocations


You had 15 spell levels left.
You didn't know any spells.
Your spell library was empty.

Dungeon Overview and Level Annotations

Branches:
Dungeon (1/1)

Altars:
Cheibriados
Dithmenos
Elyvilon
Fedhas
Gozag
Hepliaklqana
Kikubaaqudgha
Makhleb
Nemelex Xobeh
Okawaru
Qazlal
Ru
Sif Muna
Trog
Uskayaw
Vehumet
Wu Jian
Xom
Yredelemnul
Zin
The Shining One
Beogh
Jiyva
Lugonu

Shops:
D ?(:[[!:!!!!!*:?[?!([*?=


Innate Abilities, Weirdness & Mutations

You are small and have problems with some larger weapons.
You are completely attuned to the shadows.


Message History

You whack the black draconian knight! You burn the black draconian knight.
The black draconian knight is heavily wounded.
The orc knight hits you from afar with a +0 glaive!!
* * * LOW HITPOINT WARNING * * *
The black draconian knight casts a spell at you.
The shard of ice hits you!! You partially resist.
* * * LOW HITPOINT WARNING * * *
You feel a strong urge to attack something.
Things that are here:
a +0 great sword; a +0 plate armour
There is an open door, spattered with blood here.
You feel your anger nearly subside.
You are no longer berserk.
You are exhausted.
You feel yourself slow down.
Unknown command.
You feel much better.
The black draconian knight points at you and mumbles some strange words.
The bolt of cold hits you! You resist.
* * * LOW HITPOINT WARNING * * *
The black draconian knight gestures at you while chanting.
The shard of ice misses you.
The black draconian knight breathes lightning at you.
The bolt of lightning hits the black draconian knight.
The black draconian knight completely resists.
The bolt of lightning misses you.
Okay, then.
Your troll goes berserk!
The black draconian knight casts a spell.
The black draconian knight seems to speed up.
Unknown command.
Unknown command.
Aiming: Phantom Mirror
Press: ? - help, Dir - move target, f - black draconian knight
Aim: a black draconian knight, wielding a +2 war axe of freezing, wearing a +0 cloak and wearing a +0 kite shield (fast)
You reflect the black draconian knight with the mirror!
The mirror clouds!
The black draconian knight breathes lightning at you.
The bolt of lightning misses the black draconian knight.
The bolt of lightning hits you!!!
You die...

,,,,,,,*####++####.#.# ##'####.##
,,,,,,8*#).'.....#'#####.≈≈≈'#J*#
+*******########.#..'∩∩#.≈≈.#^^*#
,,,,,,,,#...# ##.####∩∩#.≈≈.#####
,,,,,,,,#...###..)###..#..≈.#..'≈
,,,,,,,,+...')..:...'..'..≈≈'..#≈
,,,,,,,,#...###...###..#≈≈≈.#..#.
,,,,,,,,#...# ##.##∩#..#....#..#.
*+******########@#..#..####'#####
,,,*,,,**,,....#'#'##..#.#.#.#.#.
,,,+,,,**,,..o.#qT..'..)#.#.#.#.#
,,,*,,,**,,...q#.####..#.#.#.#.#.
*****+***,,....qq#,*#######▓▓▓▓▓▓
,,,,,,* *,,....###,*,,,,,,,*,,,,+
*********,*##..*,,,*,,,,,,,*,,,,*
,,,,,,,**,*^#..+,,,+,,,,,,,+,,,,*
,,,,,,,**,*##..*,,,*,,,,,,,*,,,,*


You could see 2 draconians, a friendly black draconian knight (summoned, fast,
drained) and a friendly troll (summoned, berserk).

Vanquished Creatures
  Mara (D)
  Boris (D)
  Frederick (D)
  Nikola (D)
  A lich (D)
  Rupert (D)
  A deep elf master archer (D)
  A kraken (D)
  An ancient champion (D)
  2 sphinxes (D)
  Chuck (D)
  Gastronok (D)
  2 shadow dragons (D)
  Roxanne (D)
  A storm dragon (D)
  3 azure jellies (D)
  2 vampire knights (D)
  Azrael (D)
  2 dire elephants (D)
  A deep elf demonologist (D)
  A mummy priest (D)
  5 yaktaur captains (D)
  4 fire dragons (D)
  Erolcha (D)
  2 deep elf high priests (D)
  2 hell beasts (D)
  3 hydras (D)
  2 centaur warriors (D)
  An ogre mage (D)
  4 dancing weapons (D)
  2 alligator snapping turtles (D)
  4 death yaks (D)
  Urug (D)
  2 sun demons (D)
  A titan zombie (D)
  A deep elf knight (D)
  2 soul eaters (D)
  A shadow wraith (D)
  A death drake (D)
  6 skeletal warriors (D)
  A golden dragon zombie (D)
  A spriggan druid (D)
  A spectral iron dragon (D)
  2 obsidian statues (D)
  A lindwurm (D)
  5 deep elf pyromancers (D)
  2 orc knights (D)
  A shining eye (shapeshifter) (D)
  An orc sorcerer (D)
  4 crystal guardians (D)
  2 oklob plants (D)
  7 ugly things (D)
  A moth of wrath (D)
  A stone giant skeleton (D)
  2 black mambas (D)
  2 elephants (D)
  An iron troll simulacrum (D)
  Edmund (D)
  A molten gargoyle (D)
  2 cane toads (D)
  A rime drake (D)
  A komodo dragon (D)
  2 anaconda simulacra (D)
  2 ice devils (D)
  9 guardian mummies (D)
  3 wandering mushrooms (D)
  A queen bee (D)
  4 spriggan defenders (D)
  3 hornets (D)
  2 tyrant leeches (D)
  4 statues (D)
  3 orc high priests (D)
  8 slime creatures (D)
  8 blink frogs (D)
  4 snapping turtles (D)
  A shadow (D)
  2 spriggans (D)
  3 redbacks (D)
  A spatial vortex (D)
  2 hell hounds (D)
  A swamp drake (D)
  3 orc warriors (D)
  A black bear (shapeshifter) (D)
  3 fire dragon simulacra (D)
  5 two-headed ogres (D)
  A necrophage (D)
  A water elemental (D)
  32 killer bees (D)
  4 electric eels (D)
  A jelly (D)
  2 orc priests (D)
  Jessica (D)
  A wizard (D)
  A necromancer (D)
  3 orc wizards (D)
  A kobold demonologist (D)
  A wolf simulacrum (D)
  3 humans (D)
  A phantom (D)
  10 orcs (D)
  An endoplasm (D)
  2 rats (D)
  A ballistomycete spore (D)
  A bush (D)
  2 plants (D)
  2 tentacles (D)
260 creatures vanquished.

Vanquished Creatures (collateral kills)
  Sigmund (D)
  Xtahua (D)
  An azure jelly (D)
  A deep elf demonologist (D)
  A deep elf annihilator (D)
  A mummy priest (D)
  A deep elf zephyrmancer (D)
  An anaconda simulacrum (D)
  2 redbacks (D)
10 creatures vanquished.

Vanquished Creatures (others)
  4 ball lightnings (D)
  3 ballistomycete spores (D)
  A fungus (D)
  31 plants (D)
  15 tentacles (D)
54 creatures vanquished.

Grand Total: 324 creatures vanquished

Notes
Turn   | Place    | Note
-------+----------+-------------------------------------------
     0 | D        | mhtbhm the Kobold Berserker began the quest for the Orb.
     0 | D        | Reached XP level 1. HP: 14/14 MP: 1/1
    48 | D        | Noticed Jessica
    53 | D        | Killed Jessica
    53 | D        | Reached ** piety under Trog
    54 | D        | Reached skill level 5 in Fighting
    54 | D        | Reached XP level 2. HP: 13/21 MP: 2/2
    54 | D        | Reached XP level 3. HP: 17/26 MP: 3/3
   443 | D        | HP: 1/40 [phantom (4)]
   448 | D        | Reached XP level 4. HP: 2/32 MP: 4/4
   750 | D        | Noticed a water elemental
   757 | D        | Killed a water elemental
   757 | D        | Reached *** piety under Trog
   758 | D        | Reached skill level 6 in Fighting
   758 | D        | Reached skill level 5 in Maces & Flails
   758 | D        | Reached XP level 5. HP: 33/37 MP: 5/5
   872 | D        | Found a basalt altar of Yredelemnul.
   872 | D        | Found a shadowy altar of Dithmenos.
   872 | D        | Found a sacrificial altar of Ru.
   876 | D        | Reached skill level 7 in Fighting
   876 | D        | Reached skill level 1 in Throwing
   882 | D        | Reached skill level 8 in Fighting
   882 | D        | Reached skill level 5 in Dodging
   882 | D        | Reached XP level 6. HP: 44/44 MP: 6/6
   933 | D        | Noticed a shadow
   944 | D        | Killed a shadow
   945 | D        | Reached skill level 9 in Fighting
   945 | D        | Reached skill level 1 in Stealth
  1205 | D        | Found a glowing silver altar of Zin.
  1205 | D        | Found a glowing golden altar of the Shining One.
  1205 | D        | Found a white marble altar of Elyvilon.
  1205 | D        | Noticed a deep elf pyromancer
  1215 | D        | Killed a deep elf pyromancer
  1215 | D        | Reached **** piety under Trog
  1216 | D        | Reached skill level 10 in Fighting
  1216 | D        | Reached skill level 10 in Maces & Flails
  1216 | D        | Reached XP level 7. HP: 7/53 MP: 7/7
  1216 | D        | Reached XP level 8. HP: 8/59 MP: 8/8
  1487 | D        | Found a radiant altar of Vehumet.
  1487 | D        | Found a shimmering blue altar of Sif Muna.
  1487 | D        | Found an ancient bone altar of Kikubaaqudgha.
  1528 | D        | Found a hide-covered altar of Uskayaw.
  1528 | D        | Found an iron altar of Okawaru.
  1528 | D        | Found a bloodstained altar of Trog.
  1528 | D        | Found an ornate altar of the Wu Jian Council.
  1528 | D        | Noticed a human
  1529 | D        | Noticed a human
  1542 | D        | Killed a human
  1543 | D        | Reached skill level 11 in Fighting
  1547 | D        | Killed a human
  1547 | D        | Reached ***** piety under Trog
  1699 | D        | Found a blossoming altar of Fedhas.
  1699 | D        | Found a stormy altar of Qazlal.
  1699 | D        | Found a snail-covered altar of Cheibriados.
  1699 | D        | Found a burning altar of Makhleb.
  1699 | D        | Found a shimmering altar of Xom.
  1700 | D        | Found a hazy altar of Hepliaklqana.
  1700 | D        | Found an opulent altar of Gozag.
  1700 | D        | Found a sparkling altar of Nemelex Xobeh.
  1700 | D        | Found a corrupted altar of Lugonu.
  1700 | D        | Found a viscous altar of Jiyva.
  1859 | D        | Reached XP level 9. HP: 65/65 MP: 9/9
  1996 | D        | Noticed a two-headed ogre
  2022 | D        | Killed a two-headed ogre
  2023 | D        | Reached skill level 12 in Fighting
  2224 | D        | Noticed Erolcha
  2225 | D        | Noticed a two-headed ogre
  2233 | D        | Killed a two-headed ogre
  2234 | D        | Reached skill level 5 in Stealth
  2243 | D        | Killed Erolcha
  2243 | D        | Received a gift from Trog
  2250 | D        | Reached XP level 10. HP: 12/72 MP: 10/10
  2259 | D        | Reached skill level 13 in Fighting
  2259 | D        | Reached skill level 5 in Throwing
  2632 | D        | Reached skill level 10 in Dodging
  2751 | D        | Noticed a cane toad
  2751 | D        | Noticed a komodo dragon
  2751 | D        | Noticed a cane toad
  2758 | D        | Killed a komodo dragon
  2760 | D        | Killed a cane toad
  2761 | D        | Reached skill level 15 in Maces & Flails
  2765 | D        | Killed a cane toad
  2921 | D        | Noticed a rime drake
  2923 | D        | Killed a rime drake
  2930 | D        | Received a gift from Trog
  2945 | D        | Reached skill level 14 in Fighting
  3179 | D        | Noticed a lindwurm
  3186 | D        | Killed a lindwurm
  3187 | D        | Reached XP level 11. HP: 41/80 MP: 11/11
  3425 | D        | Received a gift from Trog
  3494 | D        | Noticed Urug
  3501 | D        | Killed Urug
  3502 | D        | Reached skill level 15 in Fighting
  3767 | D        | Noticed a seven-headed hydra
  3767 | D        | Noticed an eight-headed hydra
  3958 | D        | Killed an eight-headed hydra
  3958 | D        | Reached ****** piety under Trog
  3958 | D        | Identified the +9 demon blade of Corruption {flame, MP-9
                  | Dex+5 Stlth+} (Trog gifted it to you in the Dungeon)
  3958 | D        | Received a gift from Trog
  4162 | D        | Noticed a death drake
  4163 | D        | Killed a seven-headed hydra
  4176 | D        | Killed a death drake
  4177 | D        | Reached skill level 5 in Armour
  4542 | D        | Found Museeka's Antique Armour Shoppe.
  4543 | D        | Noticed an orc sorcerer
  4550 | D        | Received a gift from Trog
  4554 | D        | Reached skill level 10 in Stealth
  4560 | D        | Killed an orc sorcerer
  4598 | D        | Bought a runed cloak for 157 gold pieces
  4598 | D        | Bought a pair of runed gloves for 157 gold pieces
  4644 | D        | Noticed a deep elf knight
  4645 | D        | Noticed a deep elf pyromancer
  4645 | D        | Noticed a deep elf pyromancer
  4646 | D        | Noticed a deep elf pyromancer
  4646 | D        | Noticed a deep elf pyromancer
  4655 | D        | Killed a deep elf knight
  4655 | D        | Received a gift from Trog
  4656 | D        | Reached skill level 16 in Fighting
  4656 | D        | Reached skill level 1 in Evocations
  4658 | D        | Killed a deep elf pyromancer
  4659 | D        | Reached XP level 12. HP: 88/88 MP: 12/12
  4671 | D        | Received a gift from Trog
  4760 | D        | Noticed Sigmund
  4760 | D        | Noticed Edmund
  4772 | D        | Killed Sigmund
  4773 | D        | Reached skill level 17 in Fighting
  4774 | D        | Killed Edmund
  4988 | D        | Noticed a yaktaur captain
  4997 | D        | Noticed a sixfirhy
  5008 | D        | Received a gift from Trog
  5238 | D        | Found Mudira's Antique Weapon Shop.
  5238 | D        | Found Elysint's Antique Armour Boutique.
  5238 | D        | Found Deurrow's Jewellery Shoppe.
  5238 | D        | Found Jenugg's Magic Scroll Boutique.
  5238 | D        | Found Riepij's Distillery.
  5238 | D        | Found Fauroafe's Magic Scroll Shoppe.
  5238 | D        | Found Buyqadui's Magic Scroll Shop.
  5239 | D        | Found Abaejeiz's Book Shop.
  5239 | D        | Found Teitrea's Assorted Antiques.
  5240 | D        | Found Luaneiwn's General Store.
  5240 | D        | Found Etwar's Armour Boutique.
  5276 | D        | Bought a scroll of blinking for 82 gold pieces
  5277 | D        | Bought the ring "Lapuyk" {Fly rF+} for 315 gold pieces
  5282 | D        | Bought a scroll of blinking for 105 gold pieces
  5282 | D        | Bought a scroll of blinking for 105 gold pieces
  5282 | D        | Bought a scroll of magic mapping for 49 gold pieces
  5283 | D        | Bought a scroll of fog for 28 gold pieces
  5283 | D        | Bought 3 scrolls of identify for 84 gold pieces
  5284 | D        | Bought 2 potions of might for 88 gold pieces
  5284 | D        | Bought a potion of might for 44 gold pieces
  5284 | D        | Bought a potion of curing for 33 gold pieces
  5284 | D        | Bought 2 potions of mutation for 176 gold pieces
  5351 | D        | Received a gift from Trog
  5352 | D        | Received a gift from Trog
  5370 | D        | Received a gift from Trog
  5483 | D        | Noticed Rupert
  5498 | D        | Killed Rupert
  5499 | D        | Reached skill level 18 in Fighting
  5573 | D        | Noticed a death yak
  5574 | D        | Noticed a death yak
  5583 | D        | Noticed a death yak
  5587 | D        | Killed a death yak
  5588 | D        | Reached skill level 10 in Armour
  5588 | D        | Reached XP level 13. HP: 97/97 MP: 13/13
  5621 | D        | Received a gift from Trog
  5639 | D        | Noticed an azure jelly
  5639 | D        | Noticed an azure jelly
  5642 | D        | Noticed an azure jelly
  5642 | D        | Noticed an azure jelly
  5655 | D        | Killed an azure jelly
  5658 | D        | Killed an azure jelly
  5659 | D        | Reached skill level 19 in Fighting
  5749 | D        | Killed an azure jelly
  5753 | D        | Killed an azure jelly
  5957 | D        | Received a gift from Trog
  5967 | D        | Noticed a fire dragon
  6002 | D        | Killed a fire dragon
  6073 | D        | Found Iwipn's Magic Scroll Shoppe.
  6074 | D        | Found Oxig's Antique Weapon Boutique.
  6074 | D        | Noticed a fire dragon
  6074 | D        | Noticed a fire dragon
  6075 | D        | Found Yge Eratt's Book Emporium.
  6082 | D        | Killed a fire dragon
  6087 | D        | Killed a fire dragon
  6419 | D        | Noticed a seven-headed hydra
  6419 | D        | Noticed Xtahua
  6426 | D        | Killed a seven-headed hydra
  6427 | D        | Reached skill level 20 in Fighting
  6438 | D        | Killed Xtahua
  6581 | D        | Got a decaying rune of Zot
  6840 | D        | Noticed a dire elephant
  6840 | D        | Noticed a dire elephant
  6840 | D        | Noticed Gastronok
  6849 | D        | Killed a dire elephant
  6849 | D        | Received a gift from Trog
  6857 | D        | Killed a dire elephant
  6861 | D        | Reached XP level 14. HP: 108/108 MP: 14/14
  6864 | D        | Killed Gastronok
  6865 | D        | Reached skill level 21 in Fighting
  7008 | D        | Noticed a kraken
  7222 | D        | Received a gift from Trog
  7238 | D        | Killed a kraken
  7488 | D        | Found Nuacanuk's Antique Armour Emporium.
  7497 | D        | Found Timemuad's Distillery.
  7787 | D        | Found Edgheack's Book Boutique.
  7816 | D        | Reached skill level 5 in Evocations
  7820 | D        | Got a barnacled rune of Zot
  7833 | D        | Bought a potion of heal wounds for 50 gold pieces
  8024 | D        | Found a blossoming altar of Fedhas.
  8029 | D        | Received a gift from Trog
  9481 | D        | Reached skill level 22 in Fighting
  9834 | D        | Reached skill level 15 in Dodging
  9873 | D        | Noticed Azrael
  9883 | D        | Killed Azrael
  9883 | D        | Received a gift from Trog
  9941 | D        | Acquired 653 gold pieces
 10075 | D        | Paralysed by an air elemental for 1 turns
 10083 | D        | Identified the +11 war axe "Jigintem" {vorpal, Dex+7} (Trog
                  | gifted it to you in the Dungeon)
 10083 | D        | Received a gift from Trog
 10095 | D        | Reached skill level 23 in Fighting
 10256 | D        | Noticed Boris
 10291 | D        | Killed Boris
 10299 | D        | Received a gift from Trog
 10705 | D        | Found Mel Bimo's Distillery.
 10705 | D        | Found Plog's Distillery.
 10705 | D        | Found Zaocesaludd's Distillery.
 10705 | D        | Found Caurch's Distillery.
 10712 | D        | Bought a potion of resistance for 130 gold pieces
 10712 | D        | Bought a potion of heal wounds for 65 gold pieces
 10712 | D        | Bought a potion of heal wounds for 65 gold pieces
 10712 | D        | Bought a potion of heal wounds for 65 gold pieces
 10713 | D        | Bought a potion of resistance for 100 gold pieces
 10713 | D        | Bought a potion of curing for 30 gold pieces
 10713 | D        | Bought a potion of curing for 30 gold pieces
 10713 | D        | Bought a potion of haste for 100 gold pieces
 10713 | D        | Bought a potion of heal wounds for 50 gold pieces
 10714 | D        | Bought a potion of curing for 30 gold pieces
 10715 | D        | Bought a potion of heal wounds for 65 gold pieces
 10715 | D        | Bought 2 potions of heal wounds for 130 gold pieces
 10715 | D        | Bought a potion of heal wounds for 65 gold pieces
 10829 | D        | Received a gift from Trog
 10914 | D        | Reached skill level 24 in Fighting
 10914 | D        | Reached skill level 15 in Stealth
 10914 | D        | Reached XP level 15. HP: 117/120 MP: 15/15
 11058 | D        | Received a gift from Trog
 11213 | D        | Received a gift from Trog
 11515 | D        | Noticed Chuck
 11526 | D        | Killed Chuck
 11541 | D        | Identified the +11 scimitar "Suaw" {vorpal, rCorr}
 11590 | D        | Received a gift from Trog
 11596 | D        | Reached skill level 25 in Fighting
 11691 | D        | Noticed an ancient lich
 11709 | D        | Identified the ring of Qucw {rPois rC+ Int-4 Dex+4 Stlth+}
 11882 | D        | Noticed Roxanne
 11906 | D        | Killed Roxanne
 11906 | D        | Received a gift from Trog
 12074 | D        | Found Asuobiy's Distillery.
 12446 | D        | Received a gift from Trog
 12720 | D        | Identified the +2 battleaxe "Jusac" {vorpal, Str-4 Dex+3}
 12720 | D        | Identified the ring of Icrott {Fire Contam rPois Dex+4}
 12728 | D        | Noticed a deep elf master archer
 12729 | D        | Received a gift from Trog
 12733 | D        | Noticed a Brimstone Fiend
 12738 | D        | Killed a deep elf master archer
 12740 | D        | Received a gift from Trog
 12745 | D        | Noticed a Hell Sentinel
 12746 | D        | Noticed a cacodemon
 12748 | D        | Noticed an Ice Fiend
 12785 | D        | Identified the ring of Suspected Treachery {rPois Dex+4}
 12785 | D        | Identified the amulet of Fanaticism {Acrobat Fragile MP+9
                  | Str+5 Stlth+}
 12970 | D        | Bought a scorched ring mail for 144 gold pieces
 12970 | D        | Identified the +1 ring mail of Surprise {rElec rF+ Dex-2}
                  | (You bought it in a shop in the Dungeon)
 12971 | D        | Bought a runed scarf for 128 gold pieces
 12982 | D        | Bought a smelly troll leather armour for 320 gold pieces
 12982 | D        | Identified the +1 troll leather armour of Dramatic Exits
                  | {Harm Regen+ Int+4 Dex-2} (You bought it in a shop in the
                  | Dungeon)
 12983 | D        | Bought a shiny scale mail for 112 gold pieces
 12998 | D        | Bought a scroll of identify for 44 gold pieces
 12998 | D        | Bought a scroll of identify for 44 gold pieces
 13099 | D        | Noticed Frederick
 13117 | D        | Killed Frederick
 13118 | D        | Reached skill level 26 in Fighting
 13269 | D        | Reached skill level 15 in Armour
 13335 | D        | Noticed a lich
 13346 | D        | Killed a lich
 13346 | D        | Received a gift from Trog
 13445 | D        | Noticed a shadow dragon
 13445 | D        | Noticed a shadow dragon
 13501 | D        | Killed a shadow dragon
 13502 | D        | Reached XP level 16. HP: 76/131 MP: 16/16
 13776 | D        | Killed a shadow dragon
 13890 | D        | Received a gift from Trog
 14043 | D        | Noticed a sphinx
 14043 | D        | Noticed a sphinx
 14052 | D        | Killed a sphinx
 14056 | D        | Killed a sphinx
 14056 | D        | Received a gift from Trog
 14500 | D        | Received a gift from Trog
 14940 | D        | Reached skill level 27 in Fighting
 15453 | D        | Noticed Mara
 15459 | D        | Paralysed by a vampire knight for 5 turns
 15476 | D        | Received a gift from Trog
 15484 | D        | Noticed mhtbhm's illusion
 15837 | D        | Noticed mhtbhm's illusion
 15842 | D        | Killed Mara
 16065 | D        | Noticed an ancient champion
 16070 | D        | Killed an ancient champion
 16130 | D        | Noticed Nikola
 16130 | D        | Noticed a storm dragon
 16144 | D        | Killed a storm dragon
 16284 | D        | Killed Nikola
 16420 | D        | Received a gift from Trog
 16602 | D        | Noticed a black draconian knight
 16606 | D        | Noticed a black draconian knight
 16616 | D        | Killed from afar by a black draconian knight

Illustrated notes

Levels and vault maps discovered:
D:        dungeon_sprint_mu [sprint_mu_entry_forest, sprint_mu_temple_rooms,
          sprint_mu_d1_spiders, sprint_mu_d2_genie, sprint_mu_d3_branching,
          sprint_mu_orc_legion, sprint_mu_elf_gauntlet, sprint_mu_hive_nellie,
          sprint_mu_lair_fedhas, sprint_mu_vaults_butterflies,
          sprint_mu_slime_circle, sprint_mu_swamp_cave, sprint_mu_shoals_kraken,
          sprint_mu_blade_basic, sprint_mu_crypt_lich, sprint_mu_tomb_spiral,
          sprint_mu_vestibule_basic, sprint_mu_gehenna_hellfire,
          sprint_mu_dis_giant, sprint_mu_tartarus_statrot,
          sprint_mu_cocytus_islands, sprint_mu_zot1]

Skill      XL: |  1  2  3  4  5  6  7  8  9 10 11 12 13 14 15 16 |
---------------+-------------------------------------------------+-----
Maces & Flails | 4 5 7 10 11 14 16 17 18 20 21 22 24 | 24.1
Fighting       | 5 6 8 10 11 12 14 16 18 20 24 26 27 | 27.0
Armour         | 2 3 4 6 10 12 13 15 16 | 16.2
Dodging        | 3 4 5 7 8 9 10 12 13 14 15 17 19 | 19.4
Throwing       | 1 2 3 4 6 7 8 |  8.4
Stealth        | 2 4 6 7 10 12 13 15 20 24 | 24.3
Evocations     | 1 3 4 5 8 |  8.2

Action                   |  1- 3 |  4- 6 |  7- 9 | 10-12 | 13-15 | 16-18 || total
-------------------------+-------+-------+-------+-------+-------+-------++-------
Melee: Mace              |    25 |    31 |    85 |       |       |       ||   141
       Punch             |       |       |     3 |     4 |     8 |     4 ||    19
       Demon whip        |       |       |       |   197 |   596 |   155 ||   948
Throw: Dart              |     3 |     1 |     7 |     5 |     3 |     3 ||    22
Invok: Berserk           |     3 |     4 |     6 |    12 |    22 |     8 ||    55
       Brothers in Arms  |       |       |     1 |     1 |     5 |     4 ||    11
       Trog's Hand       |       |       |       |     1 |     1 |     1 ||     3
Evoke: Tin of tremorston |       |       |       |     4 |     8 |       ||    12
       Wand              |       |       |       |       |     3 |       ||     3
       Phantom mirror    |       |       |       |       |       |     1 ||     1
  Use: Potion            |       |       |     1 |     2 |     5 |     7 ||    15
       Scroll            |       |       |       |     6 |     7 |     2 ||    15
 Stab: Sleeping          |       |       |     1 |     3 |    20 |     8 ||    32
       Distracted        |       |       |       |     3 |     2 |     2 ||     7
Armor: Animal skin       |     5 |       |     1 |       |       |       ||     6
       Robe              |       |       |       |     3 |       |       ||     3
       Scale mail        |       |       |       |    22 |   146 |    31 ||   199
Dodge: Dodged            |    14 |     6 |    36 |    97 |   231 |    79 ||   463

Table legend: (Time is in decaauts) A = Elapsed time spent in this place. B = Non-inter-level travel time spent in this place. C = Inter-level travel time spent in this place. D = Time resting spent in this place. E = Time spent auto-exploring this place. F = Levels seen in this place. G = Mean time per level. A B C D E F G +--------+--------+--------+--------+--------+-----+--------+ Total | 16639 | 16553 | 86 | 12053 | 67 | 1 | 16639.0 | Dungeon | 16639 | 16553 | 86 | 12053 | 67 | 1 | 16639.0 | +--------+--------+--------+--------+--------+-----+--------+

Top non-repeatable levels by time:
       D: 16639 daAuts
